 Dungeon Crawl Stone Soup version 0.25-a0-310-g60f0ac2 (webtiles) character file.

Game seed: 8676422049355618736, levelgen mode: deterministic

74 MrTaco21 the Cudgeler (level 4, -1/35 HPs)
             Began as a Formicid Fighter on Dec 23, 2019.
             Slain by a worm (5 damage)
             ... on level 3 of the Dungeon.
             The game lasted 00:03:24 (1714 turns).

MrTaco21 the Cudgeler (Formicid Fighter)            Turns: 1714, Time: 00:03:24

Health: -1/35      AC:  8    Str: 22    XL:     4   Next: 54%
Magic:  4/4        EV:  8    Int:  7    God:
Gold:   88         SH:  9    Dex: 10    Spells: 3/3 levels left

rFire    . . .     SeeInvis +   a - +0 flail
rCold    . . .     Gourm    .   c - +0 shield
rNeg     . . .     Faith    .   b - +0 scale mail
rPois    .         Spirit   .   (helmet unavailable)
rElec    .         Reflect  .   g - +0 cloak
rCorr    .         Harm     .   (no gloves)
MR       .....                  (no boots)
Stlth    ..........             (no amulet)
HPRegen  0.11/turn              l - ring of teleportation (curse)
MPRegen  0.09/turn              (no ring)

@: no status effects
A: permanent stasis, dig shafts and tunnels, four strong arms, antennae 3
a: Dig, Shaft Self


You were on level 3 of the Dungeon.
You were not hungry.

You visited 1 branch of the dungeon, and saw 3 of its levels.

You collected 88 gold pieces.

Inventory:

Hand Weapons
 a - a +0 flail (weapon)
Armour
 b - a +0 scale mail (worn)
 c - a +0 shield (worn)
 g - a +0 cloak (worn)
   (You found it on level 1 of the Dungeon)
Jewellery
 l - a cursed ring of teleportation (left hand)
   (You found it on level 2 of the Dungeon)
Scrolls
 h - a scroll of identify {unknown}
 i - a scroll of enchant weapon {unknown}
 j - a scroll of fear {unknown}
 n - a scroll of teleportation {unknown}
 o - a scroll of remove curse {unknown}
Potions
 d - a potion of might
 k - 3 potions of curing {unknown}
 m - a potion of degeneration {unknown}
 p - a potion of flight {unknown}
Comestibles
 e - 3 rations {!d}
 f - 4 chunks of flesh


   Skills:
 - Level 3.2 Fighting
 + Level 4.4 Maces & Flails
 - Level 3.2 Armour
 - Level 3.6 Shields


You had 3 spell levels left.
You didn't know any spells.
Your spell library was empty.

Dungeon Overview and Level Annotations

Branches:
Dungeon (3/15)

Altars:


Innate Abilities, Weirdness & Mutations

You cannot be hasted, slowed, berserked, paralysed or teleported.
You can dig through walls and to a lower floor.
Your four strong arms can wield two-handed weapons with a shield.
You have a pair of large antennae on your head. (SInv)


Message History

You miss the adder. The adder bites you. x2
You are poisoned.
The adder poisons you!
Your shield and scale mail prevent you from hitting the adder.
You feel sick. The adder bites you but does no damage.
You closely miss the adder. You block the adder's attack. The worm bites you.
You block the adder's attack.
Your shield and scale mail prevent you from hitting the adder.
You block the adder's attack. You block the worm's attack.
You closely miss the adder.
You feel sick. The adder closely misses you. You block the adder's attack.
You closely miss the adder. You block the adder's attack. The worm bites you!
* * * LOW HITPOINT WARNING * * *
Some of the chunks of flesh in your inventory have rotted away.
You completely miss the adder. You block the adder's attack.
The adder bites you.
* * * LOW HITPOINT WARNING * * *
You block the worm's attack.
Your shield and scale mail prevent you from hitting the adder.
You feel sick. The adder bites you.
* * * LOW HITPOINT WARNING * * *
You block the adder's attack. The worm bites you.
* * * LOW HITPOINT WARNING * * *
You miss the adder. The adder bites you but does no damage.
Unknown command.
You sock the adder!
You kill the adder!
The worm bites you.
* * * LOW HITPOINT WARNING * * *
You feel sick.
You are no longer poisoned.
The worm bites you.
* * * LOW HITPOINT WARNING * * *
You see here an adder corpse.
An orc comes into view.
The orc shouts!
The worm barely misses you.
You barely miss the worm. You barely miss the worm.
You block the worm's attack.
You hit the worm.
An orc priest comes into view. It is wielding a +0 club.
A goblin comes into view.
You block the worm's attack.
Unknown command.
The orc priest shouts!
You hit the worm but do no damage. You hit the worm.
An orc wizard comes into view. It is wielding a +0 dagger.
You block the orc's attack. The worm bites you.
You die...

≈#.<.......÷# #......#
≈...........####..†...#
≈.........÷....'..>...#
≈≈..........####......#
o#..........# #......##
.g..........# #...÷....
.o......##### ###'#####
.......w...# #........
......o@...# #..[.....
........!..# #........
##.........# +........
#.........# #........
...........# #........
..........## #........
..........# #........
..........# #........
..........# #........


You could see a worm, an orc priest, an orc wizard (wandering), an orc and a
goblin.

Vanquished Creatures
  2 adders (D:3)
  An ooze (D:2)
  A worm (D:2)
  2 dart slugs (D:1)
  A leopard gecko (D:2)
  2 giant cockroaches (D:2)
  3 goblins
  4 hobgoblins
  2 jackals (D:1)
  3 quokkas (D:2)
  2 ball pythons (D:1)
  8 bats
  4 frilled lizards
  3 kobolds
  11 rats
49 creatures vanquished.

Notes
Turn   | Place    | Note
-------+----------+-------------------------------------------
     0 | D:1      | MrTaco21 the Formicid Fighter began the quest for the Orb.
     0 | D:1      | Reached XP level 1. HP: 18/18 MP: 1/1
    90 | D:1      | Reached XP level 2. HP: 18/24 MP: 2/2
   367 | D:1      | Reached skill level 3 in Maces & Flails
   569 | D:1      | Reached XP level 3. HP: 29/29 MP: 3/3
  1292 | D:2      | Reached skill level 4 in Maces & Flails
  1292 | D:2      | Reached XP level 4. HP: 35/35 MP: 4/4
  1714 | D:3      | Slain by a worm

Levels and vault maps discovered:
D:1:      wheals_arrival_shading, layout_loops_cross, feat_on_display
D:2:      layout_basic
D:3:      layout_basic, cheibrodos_sewer_entry_drain

Skill      XL: |  1  2  3 |
---------------+----------+-----
Maces & Flails | 3 4 |  4.4
Fighting       | |  3.2
Armour         | |  3.2
Shields        | |  3.6

Action                   |  1- 3 |  4- 6 || total
-------------------------+-------+-------++-------
Melee: Flail             |   146 |    48 ||   194
  Eat: Chunk             |     1 |     2 ||     3
Armor: Scale mail        |    79 |     8 ||    87
Dodge: Dodged            |    50 |     9 ||    59
Block: Shield            |    87 |    33 ||   120

Table legend:
 A = Non-vault XP
 B = Vault XP
 C = Vault XP percentage of total XP
 D = Non-vault monster count
 E = Vault monster count
 F = Vault count percentage of total count
                 A         B        C        D         E       F
            +---------+---------+-------+---------+---------+-------
      Total |     107 |       0 |   0.0 |      49 |       0 |   0.0
            +---------+---------+-------+---------+---------+-------
        D:1 |      29 |       0 |   0.0 |      19 |       0 |   0.0
        D:2 |      47 |       0 |   0.0 |      24 |       0 |   0.0
        D:3 |      31 |       0 |   0.0 |       6 |       0 |   0.0
            +---------+---------+-------+---------+---------+-------
